[ PARTIDA AOE2 · #494093826 ]
UnrankedDrávidas vs Muisca
[ ANÁLISIS DE REPETICIÓN · EXTRAÍDO DE LA PARTIDA GRABADA ]
Feudal
—
Castillos
—
Imperial
—
| APM promedio | 16.8 |
| APM pico | 38 |
| eAPM promedio | 7.7 |
| Aldeanos / militares | 12 / 0 |
Foco
⚔️ 4.2% · 🌾 95.8%
Feudal
—
Castillos
—
Imperial
—
| APM promedio | 17.2 |
| APM pico | 28 |
| eAPM promedio | 5.9 |
| Aldeanos / militares | 6 / 0 |
Foco
⚔️ 9.1% · 🌾 90.9%
Feudal
—
Castillos
—
Imperial
—
| APM promedio | 15.1 |
| APM pico | 23 |
| eAPM promedio | 6.0 |
| Aldeanos / militares | 5 / 0 |
Foco
⚔️ 25.0% · 🌾 75.0%
Feudal
—
Castillos
—
Imperial
—
| APM promedio | 24.2 |
| APM pico | 45 |
| eAPM promedio | 9.1 |
| Aldeanos / militares | 5 / 0 |
Foco
⚔️ 18.9% · 🌾 81.1%
Fishing Ship ×1
Feudal
—
Castillos
—
Imperial
—
| APM promedio | 0.6 |
| APM pico | 2 |
| eAPM promedio | 0.6 |
| Aldeanos / militares | 0 / 0 |
Feudal
—
Castillos
—
Imperial
—
| APM promedio | 9.3 |
| APM pico | 15 |
| eAPM promedio | 4.2 |
| Aldeanos / militares | 8 / 0 |
Foco
⚔️ 0.0% · 🌾 100.0%
Feudal
—
Castillos
—
Imperial
—
| APM promedio | 38.3 |
| APM pico | 59 |
| eAPM promedio | 10.6 |
| Aldeanos / militares | 8 / 0 |
Foco
⚔️ 3.1% · 🌾 96.9%
Fishing Ship ×3
Feudal
—
Castillos
—
Imperial
—
| APM promedio | 28.0 |
| APM pico | 66 |
| eAPM promedio | 13.8 |
| Aldeanos / militares | 7 / 0 |
Foco
⚔️ 23.1% · 🌾 76.9%
Mapa de la partida
Recursos iniciales + cada clic de construcción. Líneas = muros · curvas = relieve. ◆ oro · ⬟ piedra · ● bayas · ✦ reliquia · ◌ hueco del cierre
Tu base
Base de *LFDA* cristianperdomo455
Base de Miztliel
Base de aoegamer111
Base de Don Wea
Base de xXx
Base de Salkeliet
Base de LRNI_robotech
Terreno inicial suavizado · ◌ = hueco del cierre detectado · pasá el cursor para detalles
Inputs por minuto
— LRNI MarinM - - *LFDA* cristianperdomo455
Build order — LRNI MarinM
15 acciones detectadas en el replay
| 0:06 | Construir | Town Center |
| 0:12 | Construir | House |
| 0:52 | Construir | Dock |
| 2:35 | Crear | Villager (Male) |
| 2:36 | Crear | Villager (Male) |
| 2:58 | Crear | Villager (Male) |
| 3:03 | Crear | Villager (Male) |
| 3:04 | Crear | Villager (Male) |
| 3:40 | Crear | Villager (Male) |
| 4:03 | Crear | Villager (Male) |
| 4:03 | Crear | Villager (Male) |
| 4:42 | Crear | Villager (Male) |
| 4:43 | Crear | Villager (Male) |
| 4:43 | Crear | Villager (Male) |
| 5:07 | Crear | Villager (Male) |
Build order — *LFDA* cristianperdomo455
9 acciones detectadas en el replay
| 0:22 | Construir | Dock |
| 0:55 | Construir | Town Center |
| 3:08 | Crear | Villager (Male) |
| 3:08 | Crear | Villager (Male) |
| 3:09 | Crear | Villager (Male) |
| 3:09 | Crear | Villager (Male) |
| 3:09 | Crear | Villager (Male) |
| 3:09 | Crear | Villager (Male) |
| 3:56 | Construir | House |
Build order — Miztliel
9 acciones detectadas en el replay
| 1:42 | Construir | Town Center |
| 1:47 | Construir | House |
| 1:58 | Construir | House |
| 3:22 | Construir | House |
| 3:46 | Crear | Villager (Male) |
| 3:47 | Crear | Villager (Male) |
| 3:47 | Crear | Villager (Male) |
| 3:47 | Crear | Villager (Male) |
| 4:44 | Crear | Villager (Male) |
Build order — aoegamer111
11 acciones detectadas en el replay
| 0:31 | Construir | Town Center |
| 2:02 | Construir | Dock |
| 2:13 | Construir | House |
| 2:50 | Crear | Villager (Male) |
| 2:51 | Crear | Villager (Male) |
| 2:51 | Crear | Villager (Male) |
| 2:51 | Crear | Villager (Male) |
| 4:09 | Crear | Fishing Ship |
| 4:17 | Investigar | Loom |
| 4:33 | Construir | House |
| 5:02 | Crear | Villager (Male) |
Build order — Don Wea
0 acciones detectadas en el replay
Build order — xXx
14 acciones detectadas en el replay
| 0:32 | Construir | Town Center |
| 2:09 | Construir | Mill |
| 2:14 | Construir | House |
| 3:18 | Crear | Villager (Male) |
| 3:18 | Crear | Villager (Male) |
| 3:18 | Crear | Villager (Male) |
| 3:18 | Crear | Villager (Male) |
| 3:19 | Crear | Villager (Male) |
| 3:19 | Crear | Villager (Male) |
| 3:26 | Construir | House |
| 3:36 | Construir | House |
| 4:57 | Construir | House |
| 5:04 | Crear | Villager (Male) |
| 5:05 | Crear | Villager (Male) |
Build order — Salkeliet
17 acciones detectadas en el replay
| 0:37 | Construir | Town Center |
| 1:16 | Construir | House |
| 1:55 | Construir | Dock |
| 2:56 | Crear | Villager (Male) |
| 2:56 | Crear | Villager (Male) |
| 2:56 | Crear | Villager (Male) |
| 2:56 | Crear | Villager (Male) |
| 2:57 | Crear | Villager (Male) |
| 2:57 | Crear | Villager (Male) |
| 3:54 | Crear | Fishing Ship |
| 3:55 | Crear | Fishing Ship |
| 4:27 | Construir | House |
| 4:33 | Crear | Villager (Male) |
| 4:33 | Crear | Villager (Male) |
| 4:56 | Investigar | Loom |
| 4:56 | Investigar | Loom |
| 5:02 | Crear | Fishing Ship |
Build order — LRNI_robotech
15 acciones detectadas en el replay
| 0:36 | Construir | Town Center |
| 0:58 | Construir | House |
| 1:49 | Construir | Palisade Wall |
| 1:50 | Construir | Palisade Wall |
| 1:52 | Construir | Palisade Wall |
| 1:55 | Construir | Palisade Wall |
| 1:57 | Construir | Palisade Wall |
| 3:25 | Crear | Villager (Male) |
| 3:26 | Crear | Villager (Male) |
| 3:29 | Crear | Villager (Male) |
| 3:30 | Crear | Villager (Male) |
| 3:30 | Crear | Villager (Male) |
| 4:03 | Construir | Dock |
| 5:05 | Crear | Villager (Male) |
| 5:05 | Crear | Villager (Male) |
Cronología de la partida
| 0:22 | *LFDA* cristianperdomo455 · first_building Dock |
| 0:52 | LRNI MarinM · first_building Dock |
| 1:49 | LRNI_robotech · wall_segment Palisade Wall x1 |
| 1:50 | LRNI_robotech · wall_segment Palisade Wall x1 |
| 1:52 | LRNI_robotech · wall_segment Palisade Wall x1 |
| 1:55 | LRNI_robotech · wall_segment Palisade Wall x1 |
| 1:55 | Salkeliet · first_building Dock |
| 1:57 | LRNI_robotech · wall_segment Palisade Wall x1 |
| 2:02 | aoegamer111 · first_building Dock |
| 4:03 | LRNI_robotech · first_building Dock |
| 4:33 | *LFDA* cristianperdomo455 · resign |
[ ANÁLISIS IA · 1 CRÉDITO ]
¿Qué pasó realmente en esta partida?
Wolo.gg analiza cada decisión: build order, eco, micro, errores típicos por bracket. Análisis personalizado por WhatsApp o Discord en 30 segundos.
Guía civ
Drávidas
Perfil
LRNI MarinM